General information
- name: BNet
- type: Ladder team game (AT/RT)
- host: Battle.net
- saver: teelo
map: GoldRush
- players: 8
- length: 21:19
- speed: Fast
- version: 1.26 W3XP
- replay type: Public
» download(152 KB)
Players
team 1 (loser)
LessQQMorePew (
green | 75 APM | 1562 actions | 20:53)
5 Death Knight
3 Death Coil
2 Unholy Aura
2 Lich
1 Frost Nova
1 Frost Armor
1 Dreadlord
1 Sleep
» actions
| Assign group hotkey | 20 | |
| Basic commands | 2 | |
| Build / train | 70 | |
| Enter build submenu | 27 | |
| Enter hero's abilities submenu | 8 | |
| Give item / drop item | 2 | |
| Remove unit from queue | 1 | |
| Right click | 714 | |
| Select / deselect | 235 | |
| Select group hotkey | 398 | |
| Use ability | 85 | |
1562 total
» units
| Acolyte | 8 | |
| Ghoul | 5 | |
| Crypt Fiend | 6 | |
| Frost Wyrm | 5 | |
24 total
» upgrades
| Creature Carapace | 3 | |
| Creature Attack | 2 | |
| Web | 1 | |
| Burrow | 1 | |
7 total
» buildings
| Graveyard | 1 | |
| Crypt | 2 | |
| Ziggurat | 9 | |
| Tomb of Relics | 1 | |
| Altar of Darkness | 1 | |
| Spirit Tower | 4 | |
| Halls of the Dead | 3 | |
| Black Citadel | 1 | |
| Sacrificial Pit | 1 | |
| Boneyard | 2 | |
| Necropolis | 1 | |
26 total
» build order
00:32 Graveyard
00:48 Crypt
00:51 Ziggurat
01:14 Tomb of Relics
01:20 Altar of Darkness
01:37 Ziggurat
01:57 Spirit Tower
01:57 Spirit Tower
01:58 Spirit Tower
03:46 Ziggurat
06:09 Halls of the Dead
06:09 Halls of the Dead
06:21 Crypt
07:04 Ziggurat
07:16 Spirit Tower
08:43 Black Citadel
09:58 Sacrificial Pit
10:25 Ziggurat
10:47 Ziggurat
11:01 Ziggurat
11:05 Ziggurat
11:07 Ziggurat
12:21 Boneyard
12:28 Boneyard
16:57 Necropolis
» items
| Rod of Necromancy | 5 | |
| Scroll of Town Portal | 3 | |
| Potion of Healing | 3 | |
11 total
TurtleBear (
teal | 38 APM | 705 actions | 18:37)
2 Paladin
1 Holy Light
1 Divine Shield
1 Mountain King
1 Storm Bolt
» actions
| Basic commands | 46 | |
| Build / train | 65 | |
| Enter build submenu | 33 | |
| Enter hero's abilities submenu | 3 | |
| Right click | 291 | |
| Select / deselect | 219 | |
| Use ability | 48 | |
705 total
» units
| Peasant | 24 | |
| Footman | 5 | |
| Rifleman | 10 | |
| Mortar Team | 1 | |
| Siege Engine | 4 | |
44 total
» upgrades
| Gunpowder | 1 | |
| Long Rifles | 1 | |
| Priest Training | 1 | |
| Barrage | 1 | |
4 total
» buildings
| Barracks | 3 | |
| Farm | 11 | |
| Altar of Kings | 1 | |
| Lumber Mill | 2 | |
| Scout Tower | 10 | |
| Blacksmith | 1 | |
| Guard Tower | 6 | |
| Keep | 1 | |
| Arcane Vault | 1 | |
| Arcane Tower | 2 | |
| Arcane Sanctum | 2 | |
| Town Hall | 1 | |
| Workshop | 2 | |
| Castle | 1 | |
44 total
» build order
00:37 Barracks
00:43 Farm
00:53 Altar of Kings
01:09 Farm
01:40 Farm
01:50 Lumber Mill
02:06 Scout Tower
02:12 Scout Tower
02:35 Farm
02:55 Blacksmith
03:18 Farm
03:57 Guard Tower
04:01 Guard Tower
04:22 Barracks
04:42 Farm
04:43 Farm
04:45 Scout Tower
04:46 Scout Tower
05:16 Guard Tower
05:18 Guard Tower
05:30 Barracks
05:52 Keep
06:52 Scout Tower
06:56 Scout Tower
07:22 Arcane Vault
07:25 Scout Tower
07:27 Scout Tower
07:29 Scout Tower
07:30 Scout Tower
07:33 Farm
07:34 Farm
07:38 Farm
07:40 Farm
08:14 Arcane Tower
08:27 Arcane Sanctum
08:29 Arcane Sanctum
09:03 Town Hall
10:56 Guard Tower
11:26 Workshop
13:01 Workshop
13:19 Lumber Mill
14:38 Castle
15:11 Guard Tower
15:14 Arcane Tower
» items

»
h4ck (
blue | 28 APM | 564 actions | 20:05)
1 Warden
1 Fan of Knives
» actions
| Basic commands | 16 | |
| Build / train | 33 | |
| Enter build submenu | 21 | |
| Enter hero's abilities submenu | 1 | |
| Right click | 141 | |
| Select / deselect | 326 | |
| Use ability | 25 | |
564 total
» units
| Wisp | 19 | |
| Huntress | 5 | |
| Glaive Thrower | 2 | |
| Hippogryph | 3 | |
29 total
» buildings
| Ancient of War | 1 | |
| Hunter's Hall | 2 | |
| Moon Well | 4 | |
| Altar of Elders | 1 | |
| Ancient Protector | 3 | |
| Tree of Ages | 1 | |
| Tree of Life | 1 | |
| Ancient of Lore | 1 | |
| Ancient of Wind | 4 | |
| Tree of Eternity | 1 | |
19 total
» build order
01:02 Ancient of War
03:17 Hunter's Hall
04:24 Moon Well
04:31 Moon Well
04:36 Moon Well
04:39 Moon Well
06:00 Altar of Elders
06:17 Ancient Protector
06:31 Ancient Protector
07:37 Ancient Protector
07:43 Tree of Ages
09:07 Tree of Life
10:59 Hunter's Hall
11:02 Ancient of Lore
14:47 Ancient of Wind
14:49 Ancient of Wind
14:51 Tree of Eternity
18:43 Ancient of Wind
18:49 Ancient of Wind

»
Random.Terror (
purple | 39 APM | 821 actions | 21:17)
4 Dreadlord
2 Vampiric Aura
2 Sleep
1 Mountain King
1 Bash
» actions
| Basic commands | 7 | |
| Build / train | 52 | |
| Enter build submenu | 14 | |
| Enter hero's abilities submenu | 5 | |
| Right click | 209 | |
| Select / deselect | 440 | |
| Use ability | 94 | |
821 total
» units
| Acolyte | 7 | |
| Ghoul | 5 | |
| Necromancer | 11 | |
| Obsidian Statue | 1 | |
| Meatwagon | 1 | |
25 total
» upgrades
| Unholy Strength | 3 | |
| Unholy Armor | 1 | |
| Skeletal Longevity | 1 | |
| Exhume Corpses | 1 | |
| Necromancer Training | 2 | |
| Skeletal Mastery | 1 | |
9 total
» buildings
| Crypt | 1 | |
| Altar of Darkness | 1 | |
| Ziggurat | 6 | |
| Tomb of Relics | 1 | |
| Halls of the Dead | 1 | |
| Graveyard | 1 | |
| Temple of the Damned | 2 | |
| Slaughterhouse | 1 | |
| Black Citadel | 1 | |
| Nerubian Tower | 2 | |
| Spirit Tower | 1 | |
18 total
» build order
00:09 Crypt
00:13 Altar of Darkness
00:35 Ziggurat
00:40 Ziggurat
00:49 Tomb of Relics
01:29 Ziggurat
02:37 Halls of the Dead
03:19 Graveyard
05:11 Temple of the Damned
05:14 Temple of the Damned
05:17 Slaughterhouse
05:19 Ziggurat
07:04 Ziggurat
07:44 Black Citadel
09:05 Ziggurat
09:36 Nerubian Tower
09:49 Spirit Tower
10:29 Nerubian Tower
» items
| Rod of Necromancy | 1 | |
| Orb of Corruption | 1 | |
| Potion of Healing | 1 | |
| Dust of Appearance | 1 | |
| Scroll of Town Portal | 2 | |
6 total
team 2 (winner)
SHIZZMANIZZ (
red | 75 APM | 1596 actions | 21:18)
6 Death Knight
3 Death Coil
2 Unholy Aura
1 Animate Dead
5 Lich
3 Frost Nova
2 Frost Armor
5 Dark Ranger
3 Silence
2 Black Arrow
» actions
| Assign group hotkey | 54 | |
| Basic commands | 194 | |
| Build / train | 112 | |
| Enter build submenu | 31 | |
| Enter hero's abilities submenu | 16 | |
| Give item / drop item | 4 | |
| Remove unit from queue | 3 | |
| Right click | 436 | |
| Select / deselect | 336 | |
| Select group hotkey | 311 | |
| Use ability | 98 | |
1596 total
» units
| Acolyte | 17 | |
| Ghoul | 12 | |
| Crypt Fiend | 15 | |
| Obsidian Statue | 6 | |
| Frost Wyrm | 5 | |
55 total
» upgrades
| Creature Attack | 3 | |
| Creature Carapace | 3 | |
| Web | 1 | |
| Freezing Breath | 2 | |
| Destroyer Form | 1 | |
10 total
» buildings
| Crypt | 1 | |
| Altar of Darkness | 1 | |
| Ziggurat | 8 | |
| Graveyard | 1 | |
| Tomb of Relics | 1 | |
| Necropolis | 5 | |
| Halls of the Dead | 4 | |
| Black Citadel | 2 | |
| Sacrificial Pit | 1 | |
| Boneyard | 2 | |
| Slaughterhouse | 1 | |
27 total
» build order
00:27 Crypt
00:30 Altar of Darkness
00:41 Ziggurat
01:12 Graveyard
01:31 Ziggurat
02:02 Tomb of Relics
03:52 Necropolis
03:55 Necropolis
04:45 Halls of the Dead
04:45 Halls of the Dead
05:17 Ziggurat
05:58 Ziggurat
07:33 Black Citadel
07:34 Black Citadel
07:47 Ziggurat
07:48 Ziggurat
08:01 Sacrificial Pit
10:47 Boneyard
10:47 Boneyard
10:50 Slaughterhouse
12:11 Ziggurat
12:12 Ziggurat
12:29 Necropolis
20:25 Necropolis
20:32 Necropolis
» items
| Rod of Necromancy | 1 | |
| Potion of Healing | 1 | |
| Orb of Corruption | 1 | |
| Scroll of Regeneration | 1 | |
| Lesser Clarity Potion | 1 | |
| Orb of Fire | 1 | |
| Scroll of Town Portal | 2 | |
8 total

»
teelo (
yellow | 75 APM | 1600 actions | 21:19)
5 Dark Ranger
3 Black Arrow
2 Silence
» actions
| Assign group hotkey | 309 | |
| Basic commands | 169 | |
| Build / train | 82 | |
| ESC pressed | 1 | |
| Enter build submenu | 43 | |
| Enter hero's abilities submenu | 5 | |
| Give item / drop item | 6 | |
| Right click | 325 | |
| Select / deselect | 170 | |
| Select group hotkey | 401 | |
| Use ability | 89 | |
1600 total
» units
| Peasant | 29 | |
| Footman | 7 | |
| Knight | 5 | |
| Spell Breaker | 3 | |
44 total
» upgrades
| Masonry | 2 | |
| Lumber Harvesting | 2 | |
| Swords | 3 | |
| Plating | 4 | |
| Defend | 1 | |
| Animal War Training | 1 | |
| Magic Sentry | 1 | |
14 total
» buildings
| Altar of Kings | 1 | |
| Farm | 13 | |
| Barracks | 4 | |
| Scout Tower | 16 | |
| Arcane Tower | 4 | |
| Lumber Mill | 1 | |
| Keep | 2 | |
| Town Hall | 4 | |
| Blacksmith | 1 | |
| Guard Tower | 3 | |
| Arcane Vault | 1 | |
| Castle | 1 | |
| Arcane Sanctum | 3 | |
54 total
» build order
00:22 Altar of Kings
00:36 Farm
01:19 Barracks
01:21 Barracks
01:26 Farm
02:05 Farm
02:28 Farm
02:33 Scout Tower
02:51 Farm
03:04 Farm
03:13 Arcane Tower
03:43 Farm
04:02 Lumber Mill
04:40 Keep
04:58 Town Hall
05:04 Scout Tower
05:06 Scout Tower
05:14 Scout Tower
05:28 Blacksmith
05:52 Scout Tower
05:58 Guard Tower
06:38 Barracks
06:41 Arcane Tower
07:31 Arcane Vault
07:37 Guard Tower
07:40 Scout Tower
08:09 Arcane Tower
08:51 Town Hall
08:53 Scout Tower
08:53 Scout Tower
08:54 Scout Tower
09:14 Barracks
09:51 Castle
10:06 Guard Tower
10:09 Arcane Tower
13:07 Farm
13:07 Farm
13:08 Farm
13:08 Farm
13:09 Farm
13:10 Farm
13:38 Arcane Sanctum
13:38 Arcane Sanctum
13:41 Arcane Sanctum
16:33 Keep
17:49 Town Hall
19:11 Town Hall
19:14 Scout Tower
19:15 Scout Tower
19:15 Scout Tower
19:15 Scout Tower
19:16 Scout Tower
19:16 Scout Tower
19:17 Scout Tower
» items
| Rod of Necromancy | 1 | |
| Potion of Healing | 1 | |
| Boots of Speed | 1 | |
| Staff of Teleportation | 1 | |
| Staff of Sanctuary | 1 | |
| Orb of Fire | 1 | |
| Lesser Clarity Potion | 1 | |
| Potion of Mana | 1 | |
8 total

»
31475987 (
pink | 53 APM | 1127 actions | 21:18)
5 Mountain King
3 Storm Bolt
2 Bash
1 Paladin
1 Holy Light
3 Archmage
2 Brilliance Aura
1 Blizzard
» actions
| Assign group hotkey | 24 | |
| Basic commands | 147 | |
| Build / train | 81 | |
| ESC pressed | 1 | |
| Enter build submenu | 21 | |
| Enter hero's abilities submenu | 9 | |
| Give item / drop item | 2 | |
| Remove unit from queue | 1 | |
| Right click | 299 | |
| Select / deselect | 294 | |
| Select group hotkey | 171 | |
| Use ability | 77 | |
1127 total
» units
| Peasant | 16 | |
| Footman | 5 | |
| Forest Troll Shadow Priest | 1 | |
| Mortar Team | 3 | |
| Priest | 5 | |
| Knight | 4 | |
| Siege Engine | 8 | |
| Spell Breaker | 1 | |
43 total
» upgrades
| Masonry | 1 | |
| Plating | 3 | |
| Defend | 1 | |
| Priest Training | 2 | |
| Animal War Training | 1 | |
| Barrage | 1 | |
| Fragmentation Shards | 1 | |
| Gunpowder | 2 | |
12 total
» buildings
| Altar of Kings | 1 | |
| Farm | 13 | |
| Barracks | 1 | |
| Lumber Mill | 1 | |
| Scout Tower | 2 | |
| Arcane Tower | 1 | |
| Arcane Vault | 1 | |
| Guard Tower | 1 | |
| Town Hall | 2 | |
| Keep | 1 | |
| Blacksmith | 1 | |
| Castle | 1 | |
| Arcane Sanctum | 1 | |
| Workshop | 2 | |
29 total
» build order
00:18 Altar of Kings
00:29 Farm
00:37 Barracks
01:00 Farm
01:45 Lumber Mill
01:53 Scout Tower
02:14 Farm
02:26 Arcane Tower
02:54 Arcane Vault
03:16 Scout Tower
04:03 Guard Tower
04:09 Town Hall
04:57 Keep
05:25 Blacksmith
06:01 Farm
06:04 Farm
06:05 Farm
07:35 Castle
07:51 Arcane Sanctum
07:56 Workshop
08:54 Workshop
12:03 Farm
12:04 Farm
12:04 Farm
12:04 Farm
15:13 Farm
15:14 Farm
15:14 Farm
18:45 Town Hall
» items
| Scroll of Regeneration | 2 | |
| Scroll of Town Portal | 2 | |
| Periapt of Vitality | 1 | |
| Potion of Lesser Invulnerability | 1 | |
| Circlet of Nobility | 1 | |
| Boots of Speed | 1 | |
| Scroll of Healing | 1 | |
9 total
AssMilk (
orange | 33 APM | 697 actions | 21:18)
6 Blademaster
3 Wind Walk
3 Mirror Image
» actions
| Build / train | 44 | |
| Enter build submenu | 13 | |
| Enter hero's abilities submenu | 6 | |
| Remove unit from queue | 2 | |
| Right click | 434 | |
| Select / deselect | 165 | |
| Use ability | 33 | |
697 total
» units
| Peon | 7 | |
| Grunt | 2 | |
| Troll Headhunter/Berserker | 8 | |
| Wind Rider | 10 | |
27 total
» upgrades
» buildings
| Orc Burrow | 7 | |
| Altar of Storms | 1 | |
| Barracks | 1 | |
| War Mill | 1 | |
| Stronghold | 1 | |
| Beastiary | 2 | |
| Great Hall | 1 | |
14 total
» build order
00:10 Orc Burrow
00:11 Altar of Storms
01:03 Barracks
01:35 Orc Burrow
01:53 War Mill
02:51 Orc Burrow
04:39 Stronghold
05:17 Orc Burrow
07:04 Beastiary
07:07 Beastiary
08:14 Orc Burrow
10:32 Orc Burrow
15:02 Orc Burrow
20:38 Great Hall
» items
Chat log
(00:05 / All) teelo: hey green
(00:07 / All) teelo: hows it going buddy
(04:16 / Allies) SHIZZMANIZZ: why would u attack the farm
(04:17 / Allies) SHIZZMANIZZ: over tower
(04:18 / Allies) SHIZZMANIZZ: lol
(04:28 / Allies) teelo: good question
(04:46 / Allies) AssMilk: Dude im tired
(05:03 / Allies) SHIZZMANIZZ: just found it amusing
(06:50 / Allies) 31475987: units?
(06:54 / Allies) teelo: knights
(06:55 / Allies) AssMilk: air
(07:01 / Allies) teelo: green will be making mass fiends as usual
(08:22 / Allies) teelo: told ya
(08:22 / Allies) teelo: lol
(09:18 / Allies) 31475987: lumber
(09:20 / Allies) 31475987: i give gold.
(09:25 / Allies) teelo: pff dont even have any myself
(10:41 / Allies) 31475987: coming
(10:58 / Allies) teelo: hmm
(10:59 / Allies) teelo: ok
(11:45 / Allies) teelo: nice
(11:46 / Allies) teelo: lol
(12:22 / All) 31475987: whoops
(13:31 / Allies) teelo: so
(13:33 / Allies) teelo: anyone got dispels?
(14:11 / Allies) teelo: yeah go attack without telling us so we can join you
(14:11 / Allies) teelo: nice
(14:14 / Allies) 31475987: hi
(15:15 / Allies) AssMilk: cing
(17:09 / Allies) teelo: want me to go first?
(18:14 / All) teelo: green I said hello
(18:18 / All) teelo: why arent you replying, mute faggot
(18:26 / All) LessQQMorePew: add me to frens then
(18:30 / All) LessQQMorePew: spam me whenever u can
(18:32 / All) LessQQMorePew: deal?
(18:36 / All) teelo: nah I dont do that
(18:40 / All) LessQQMorePew: plz do it
(18:50 / All) teelo: nah I'll just continue backstabbing you whenever we are matched together
(18:56 / All) LessQQMorePew: dun wanna wake up my roommate today
(18:58 / All) teelo: you seem to love that
(18:59 / All) LessQQMorePew: kinda late
(19:11 / All) LessQQMorePew: u always give my roommate a good laugh haha
(19:19 / All) LessQQMorePew: anyway rage more
(19:26 / All) teelo: sorry I didn't realise I was raging
(19:34 / All) LessQQMorePew: remember to spam me always
(19:36 / All) teelo: please don't confuse rage with trolling you for my own amusement
(19:43 / All) teelo: I've never spammed you :)
(19:44 / All) LessQQMorePew: yea trollololol
(19:45 / All) teelo: I dont do that
(20:01 / All) LessQQMorePew: at least u always msg me :)
(20:07 / All) teelo: No i dont :)
(20:17 / All) LessQQMorePew: u always do :)
(20:23 / All) teelo: but feel free to delude yourself into thinking I do
(20:40 / All) LessQQMorePew: keep it up and dun do it too late....really need to let people see ur comments